 Dungeon Crawl Stone Soup version 0.22-a0-848-ge9e22a0 (webtiles) character file.

164 Firecrotchwizard the Digger (level 5, 0/28 HPs)
             Began as a Gargoyle Earth Elementalist on July 26, 2018.
             Slain by Terence
             ... wielding a +0 flail
              (9 damage)
             ... on level 2 of the Dungeon.
             The game lasted 00:08:47 (2944 turns).

Firecrotchwizard the Digger (GrEE)                  Turns: 2944, Time: 00:08:48

Health: 0/28       AC:  6    Str: 11    XL:     5   Next: 45%
Magic:  9/18       EV: 12    Int: 17    God:
Gold:   154        SH:  0    Dex: 10    Spells: 1/10 levels left

rFire    . . .     SeeInvis .   i - +0 dagger (protect)
rCold    . . .     Gourm    .   (no shield)
rNeg     + . .     Faith    .   c - +0 robe
rPois    ∞         Spirit   .   (no helmet)
rElec    +         Reflect  .   (no cloak)
rCorr    .         Harm     .   (no gloves)
MR       +....                  (no boots)
Stlth    ++........             (no amulet)
HPRegen  0.09/turn              h - ring of magical power {MP+9}
MPRegen  0.16/turn              k - ring of protection from magic {MR+, !d}

@: no status effects
A: negative energy resistance 1, electricity resistance, unbreathing,
petrification resistance, rot immunity, AC +4
a: no special abilities


You were on level 2 of the Dungeon.
You were not hungry.

You visited 1 branch of the dungeon, and saw 3 of its levels.

You collected 154 gold pieces.

Inventory:

Hand Weapons
 a - a +0 club
   (You took it off a hobgoblin on level 1 of the Dungeon)
 f - a cursed -2 dagger
   (You took it off a goblin on level 2 of the Dungeon)
 i - a +0 dagger of protection (weapon)
   (You took it off a goblin on level 1 of the Dungeon)
Missiles
 b - 111 stones (quivered)
Armour
 c - a +0 robe (worn)
Jewellery
 h - a ring of magical power (left hand) {MP+9}
   (You found it on level 1 of the Dungeon)
 k - a ring of protection from magic (right hand) {MR+, !d}
   (You took it off a hobgoblin on level 1 of the Dungeon)
Scrolls
 g - a scroll of random uselessness {unknown}
 j - a scroll of identify
 l - a scroll of enchant weapon {unknown}
 o - a scroll of fear {unknown}
 p - a scroll of enchant armour {unknown}
Potions
 e - a potion of haste {unknown}
 n - 2 potions of flight
Comestibles
 d - 2 rations {@e1}
 m - a chunk of flesh {@w0}


   Skills:
 - Level 1.5 Dodging
 - Level 2.1 Stealth
 + Level 3.1 Spellcasting
 + Level 2.6 Conjurations
   Level 0.7 Transmutations
 + Level 5.4 Earth Magic


You had one spell level left.
You knew the following spells:

 Your Spells              Type           Power        Failure   Level  Hunger
a - Sandblast             Erth           ###...       1%          1    None
x - Stone Arrow           Conj/Erth      ###...       10%         3    ###....
z - Lee's Rapid Deconstr  Erth           ###.......   45%         5    ######.

Your spell library contained the following spells:

 Spells                   Type           Power        Failure   Level  Hunger
 Passwall                 Tmut/Erth      ##......     8%          2    ##.....
 Petrify                  Tmut/Erth      ##......     43%         4    ####...


Dungeon Overview and Level Annotations

Branches:
Dungeon (3/15)

Altars:

Annotations:
D:2 Terence


Innate Abilities, Weirdness & Mutations

You are resistant to torment.
Your stone body is resilient. (AC +4)
You are immune to poison.
You resist negative energy. (rN+)
You are resistant to electric shocks. (rElec)
You can survive without breathing.
You are immune to petrification.
You are immune to rotting.


Message History

You closely miss the adder. The adder bites you but does no damage.
The orc misses you. The adder misses you.
You miss the adder. The adder bites you but does no damage.
The adder bites you. The orc barely misses you.
You take 1 damage, and have 22/28 hp.
You hit the adder.
Your weapon exudes an aura of protection.
The adder misses you. The adder bites you but does no damage.
The orc misses you. The adder misses you. The adder bites you.
You take 3 damage, and have 19/28 hp.
Aim: an adder The blast of sand misses the adder.
b - 124 stones The adder misses you.
The adder closely misses you. The orc barely misses you.
You now have 17/18 mp.
Aim: an adder The blast of sand hits the adder.
You kill the adder!
b - 123 stones The adder closely misses you.
The orc hits you but does no damage.
You now have 16/18 mp.
Aim: an orc, wielding a club The blast of sand hits the orc.
You kill the orc!
b - 122 stones The adder bites you.
You take 4 damage, and have 16/28 hp.
You now have 15/18 mp.
Aim: an adder (moderately wounded)
The blast of sand hits the adder.
You kill the adder!
b - 121 stones You now have 14/18 mp.
You can't see any susceptible monsters within range! (Use Z to cast anyway.) Unknown command.
You start resting.
Health restored: 28; MP restored: 18 You see here an adder corpse.
You butcher the adder corpse.
m - a chunk of flesh {@w0}
There is a stone staircase leading down here.
You climb downwards.
Level annotation: Terence The kobold hits you but does no damage.
There is a stone staircase leading up here.
You see here a stone.
The kobold hits you but does no damage. Terence hits you with a flail.
You climb upwards.
There is a stone staircase leading down here.
You take 3 damage, and have 25/28 hp.
Aim: Terence, wielding a flail and wearing a chain mail The blast of sand hits Terence.
b - 120 stones The kobold hits you but does no damage.
Terence hits you but does no damage.
You now have 17/18 mp.
Aim: Terence, wielding a flail and wearing a chain mail The blast of sand misses Terence.
b - 119 stones The kobold barely misses you.
Terence hits you with a flail!
You take 6 damage, and have 19/28 hp.
MASSIVE DAMAGE!!
You now have 16/18 mp.
Aim: Terence, wielding a flail and wearing a chain mail The blast of sand hits Terence.
b - 118 stones The kobold hits you but does no damage.
You now have 15/18 mp.
Aim: Terence, wielding a flail and wearing a chain mail (lightly wounded)
The blast of sand hits Terence.
b - 117 stones Terence barely misses you.
The kobold closely misses you.
You now have 14/18 mp.
Aim: Terence, wielding a flail and wearing a chain mail (lightly wounded)
The blast of sand hits Terence.
b - 116 stones The kobold hits you with a dagger.
Terence closely misses you.
You take 3 damage, and have 16/28 hp.
You now have 13/18 mp.
Aim: Terence, wielding a flail and wearing a chain mail (lightly wounded)
The blast of sand hits Terence.
b - 115 stones The kobold misses you.
Terence completely misses you.
Aim: Terence, wielding a flail and wearing a chain mail (heavily wounded)
The blast of sand hits Terence.
b - 114 stones The kobold hits you with a dagger.
Terence closely misses you.
You take 2 damage, and have 14/28 hp.
You now have 12/18 mp.
Aim: Terence, wielding a flail and wearing a chain mail (heavily wounded)
The blast of sand misses Terence.
b - 113 stones The kobold misses you.
Terence hits you with a flail.
You take 5 damage, and have 9/28 hp.
You now have 11/18 mp.
Aim: Terence, wielding a flail and wearing a chain mail (heavily wounded)
The blast of sand hits Terence.
b - 112 stones The kobold hits you but does no damage.
You now have 10/18 mp.
Aim: Terence, wielding a flail and wearing a chain mail (heavily wounded)
The blast of sand hits Terence.
b - 111 stones Terence hits you with a flail!
You die...

#.###.#######...###
#.....# ##.##
#####.##### #.#
#.........# #.#
#.###.###.# ##'##
#.###.# #.# ##...##
#.##..###.# ##.....##
#.#<.).##.###.......#
#.##@@..#.##.........
#.##.K.....+.........
#.##....#.##.........
#.........###.......#
####.###### ##.....##
#......# ##...##
#.#.##.# ##'##
#...##.# #.#
#..###.###### #.#


You could see Terence and a kobold.

Vanquished Creatures
  An orc wizard (D:2)
  A worker ant (D:2)
  A gnoll (D:1)
  4 adders (D:2)
  2 worms (D:2)
  3 dart slugs
  A leopard gecko (D:2)
  5 orcs (D:2)
  A ball python (D:2)
  10 bats
  A giant cockroach (D:2)
  3 hobgoblins (D:1)
  4 jackals (D:2)
  3 kobolds
  4 frilled lizards
  6 goblins
  6 rats
56 creatures vanquished.

Notes
Turn   | Place    | Note
-------+----------+-------------------------------------------
     0 | D:1      | Firecrotchwizard the Gargoyle Earth Elementalist began the quest for the Orb.
     0 | D:1      | Reached XP level 1. HP: 10/10 MP: 3/3
    46 | D:1      | Reached skill level 4 in Earth Magic
    90 | D:1      | Reached XP level 2. HP: 15/15 MP: 1/5
   364 | D:1      | Reached skill level 5 in Earth Magic
   364 | D:1      | Reached XP level 3. HP: 19/19 MP: 6/6
  1057 | D:2      | Learned a level 3 spell: Stone Arrow
  1772 | D:2      | Reached skill level 1 in Conjurations
  1793 | D:2      | Reached XP level 4. HP: 19/24 MP: 7/7
  2012 | D:2      | Reached skill level 2 in Conjurations
  2130 | D:2      | Reached XP level 5. HP: 24/28 MP: 9/9
  2353 | D:2      | Reached skill level 3 in Spellcasting
  2427 | D:2      | Learned a level 5 spell: Lee's Rapid Deconstruction
  2534 | D:2      | Found a faded altar of an unknown god.
  2781 | D:3      | Noticed Terence
  2944 | D:2      | Slain by Terence

Vault maps used:
D:1:      dpeg_arrival_rhombi, minivault_4, grunt_decor_fettered
D:2:      chequers_ecumenical_altar_grove, minmay_misc_feat_alley
D:3:      first_ration, lemuel_another_geyser, uniq_terence

Skill      XL: |  1  2  3  4  5 |
---------------+----------------+-----
Earth Magic    | 4 5 |  5.4
Conjurations   | 1 2 |  2.6
Spellcasting   | 3 |  3.1
Dodging        | |  1.5
Stealth        | |  2.1
Transmutations | |  0.7

Action                   |  1- 3 |  4- 6 || total
-------------------------+-------+-------++-------
Melee: Mace              |    16 |       ||    16
       Club              |     1 |       ||     1
       Dagger            |   160 |   120 ||   280
Throw: Stone             |     7 |     1 ||     8
 Cast: Sandblast         |    19 |    32 ||    51
  Use: Scroll            |     2 |     1 ||     3
 Stab: Sleeping          |     1 |       ||     1
  Eat: Chunk             |     3 |     4 ||     7
Armor: Robe              |    74 |    73 ||   147
Dodge: Dodged            |   113 |   102 ||   215

Table legend:
 A = Spawn XP
 B = Non-spawn XP
 C = Spawn XP percentage of total XP
 D = Spawn monster count
 E = Non-spawn monster count
 F = Spawn count percentage of total count
 G = Total turns spent on level
                    A         B        C        D         E        F      G
               +---------+---------+-------+---------+---------+-------+---------
         Total |       0 |     235 |   0.0 |       0 |      56 |   0.0 |  2944
               +---------+---------+-------+---------+---------+-------+---------
           D:1 |       0 |      55 |   0.0 |       0 |      25 |   0.0 |  1052
           D:2 |       0 |     180 |   0.0 |       0 |      31 |   0.0 |  1882
               +---------+---------+-------+---------+---------+-------+---------

Vault maps used:
D:1:      dpeg_arrival_rhombi, minivault_4, grunt_decor_fettered
D:2:      chequers_ecumenical_altar_grove, minmay_misc_feat_alley
D:3:      first_ration, lemuel_another_geyser, uniq_terence

Table legend:
 A = Turns spent in this place as a percentage of turns spent in the entire game.
 B = Non-inter-level travel turns spent in this place as a percentage of non-inter-level travel turns spent in the entire game.
 C = Inter-level travel turns spent in this place as a percentage of turns spent in this place.
 D = Turns resting spent in this place as a percentage of non-inter-level travel turns spent in this place.
 E = Turns spent auto-exploring this place as a percentage of non-inter-level travel turns spent in this place.
 F = Non-inter-level travel turns spent in this place divided by the number of levels of this place that you've seen.
                   A       B       C       D       E      F
               +-------+-------+-------+-------+-------+----------------------
         Total | 100.0 | 100.0 |   1.0 |  33.0 |  38.6 | 971.7
       Dungeon | 100.0 | 100.0 |   1.0 |  33.0 |  38.6 | 971.7
               +-------+-------+-------+-------+-------+----------------------

Table legend:
 A = Kills in this place as a percentage of kills in entire the game.
 B = Kills by you in this place as a percentage of kills by you in the entire game.
 C = Kills by friends in this place as a percentage of kills by friends in the entire game.
 D = Other kills in this place as a percentage of other kills in the entire game.
 E = Experience gained in this place as a percentage of experience gained in the entire game.
 F = Experience gained in this place divided by the number of levels of this place that you have seen.
                   A       B       C       D       E      F
               +-------+-------+-------+-------+-------+----------------------
         Total | 100.0 | 100.0 |   N/A |   N/A | 100.0 |  78.3
       Dungeon | 100.0 | 100.0 |   N/A |   N/A | 100.0 |  78.3
               +-------+-------+-------+-------+-------+----------------------
